 Dungeon Crawl Stone Soup version 0.28-a0-1493-g08698888e4 (webtiles) character file.

Game seed: 5384492689729681135

7961 fragbeetle the Basher (level 11, -1/107 HPs)
             Began as a Troll Berserker on Jan 12, 2022.
             Was an Elder of Trog.
             Slain by a troll (10 damage)
             ... on level 10 of the Dungeon.
             The game lasted 00:21:35 (7410 turns).

fragbeetle the Basher (Troll Berserker)             Turns: 7410, Time: 00:21:37

Health: -1/107     AC:  6    Str: 29    XL:     11   Next: 3%
Magic:  10/10      EV: 16    Int:  5    God:    Trog [****..]
Gold:   619        SH:  0    Dex: 14    Spells: 10/10 levels left

rFire   + . .      SeeInvis .   C - +7 whip of Keuwifos {vorpal, rN++}
rCold   . . .      Faith    .   v - orb {light}
rNeg    + + +      Spirit   .   L - +0 troll leather armour
rPois   +          Reflect  .   (helmet restricted)
rElec   .          Harm     .   (no cloak)
rCorr   .          Rampage  .   (gloves unavailable)
Will    ++...                   (boots unavailable)
Stlth   +.........              k - amulet of the acrobat
HPRegen 2.87/turn               m - +4 ring of evasion
MPRegen 0.12/turn               I - ring of the Cockatrice {rPois rF+ rN+ Str+2 Dex+3}

@: about to teleport, strong-willed (expiring), regenerating (expiring), glowing
A: large, unfitting armour, claws 3, regeneration 1, shaggy fur 1, tough skin 1
a: Renounce Religion, Berserk, Trog's Hand, Brothers in Arms


You were on level 10 of the Dungeon.
You worshipped Trog.
Trog was greatly pleased with you.
You visited 2 branches of the dungeon, and saw 11 of its levels.

You collected 619 gold pieces.

Inventory:

Hand Weapons
 a - a +2 mace of protection
 p - a +1 whip of electrocution
 s - a +2 whip of flaming
 A - a +0 giant spiked club
 C - the +7 whip of Keuwifos (weapon) {vorpal, rN++}
   (You found it on level 5 of the Dungeon)

   It inflicts extra damage upon your enemies.
   rN:        It greatly protects you from negative energy.
 F - a +0 giant club
Missiles
 e - 376 stones
 D - 39 poisoned darts (quivered)
 E - a throwing net
Armour
 v - an orb of light (worn)
 x - a +0 tower shield
 G - a +0 kite shield
 K - an orb of mayhem
 L - a +0 troll leather armour (worn)
Jewellery
 k - an amulet of the acrobat (around neck)
 m - a +4 ring of evasion (left claw)
 r - a ring of poison resistance
 I - the ring of the Cockatrice (right claw) {rPois rF+ rN+ Str+2 Dex+3}
   (You found it on level 8 of the Dungeon)

   [ring of protection from fire]

   Str:       It affects your strength (+2).
   Dex:       It affects your dexterity (+3).
   rF:        It protects you from fire.
   rPois:     It protects you from poison.
   rN:        It protects you from negative energy.
 M - an amulet of magic regeneration
Wands
 b - a wand of acid (3)
 j - a wand of digging (1)
 H - a wand of flame (35)
Scrolls
 c - a scroll of identify
 d - 2 scrolls of vulnerability
 f - 3 scrolls of magic mapping
 l - 2 scrolls of enchant armour {unknown}
 n - 3 scrolls of immolation {unknown}
 o - 5 scrolls of teleportation
 q - 2 scrolls of fog {unknown}
 u - a scroll of brand weapon {unknown}
 w - a scroll of amnesia {unknown}
 y - 3 scrolls of holy word
 B - 2 scrolls of enchant weapon {unknown}
 N - a scroll of noise {unknown}
Potions
 g - 2 potions of heal wounds
 h - 2 potions of attraction {unknown}
 i - a potion of magic {unknown}
 t - a potion of mutation {unknown}
 z - 3 potions of curing
Miscellaneous
 J - a piece from Xom's chessboard (15/15)


   Skills:
 + Level 6.7 Fighting
 * Level 10.2 Maces & Flails
 + Level 6.6 Throwing
 + Level 6.7 Dodging
 + Level 2.6 Evocations


You had 10 spell levels left.
You didn't know any spells.
Your spell library was empty.

Dungeon Overview and Level Annotations

Branches:
Dungeon (10/15)            Temple (1/1) D:7             Orc (0/2) D:10
   Lair: D:8-11

Altars:
Elyvilon
Okawaru
Qazlal
Ru
Sif Muna
Trog
Vehumet
Wu Jian
Zin
The Shining One

Shops:
D:9 [

Annotations:
D:6 1 runed translucent door, Hubris850's ghost, novice MiHu


Innate Abilities, Weirdness & Mutations

You are too large for most types of armour.
You have claws for hands.
Your natural rate of healing is unusually fast.
You are covered in fur. (AC +1)
You have tough skin. (AC +1)


Message History

You hit the kobold brigand.
The kobold brigand is almost dead.
You whack the kobold brigand!
You kill the kobold brigand!
Trog accepts your kill.
The gnoll sergeant hits you but does no damage.
The gnoll hits you from afar with a +0 spear.
The troll misses you. The troll claws you! The troll claws you.
You hit the troll.
The troll is moderately wounded.
You hit the troll.
The troll is moderately wounded.
The troll misses you. The troll claws you. x2
The gnoll sergeant hits you from afar with a +1 vorpal spear.
* * * LOW HITPOINT WARNING * * *
x2
As you read the scroll of teleportation, it crumbles to dust.
You feel strangely unstable. The troll bites you. The troll claws you!
* * * LOW HITPOINT WARNING * * *
The troll claws you.
* * * LOW HITPOINT WARNING * * *
You hit the troll.
The troll is heavily wounded.
The troll closely misses you. The troll claws you.
* * * LOW HITPOINT WARNING * * *
The troll closely misses you.
You barely miss the troll.
The troll is heavily wounded.
You hit the troll.
The troll is heavily wounded.
The troll misses you. The troll claws you.
* * * LOW HITPOINT WARNING * * *
The troll claws you.
* * * LOW HITPOINT WARNING * * *
You barely miss the troll.
The troll is heavily wounded.
You feel the effects of Trog's Hand fading.
The troll misses you. The troll claws you!
* * * LOW HITPOINT WARNING * * *
The troll claws you!
You die... ##### #...# ##### #.#.# #8.Oo8#.#.############ #..gg.#.#...)........# #.googg)#####........# #.....#g# #........# #8gKK

#K#####........#
#######.#@..#........#
#......gT##.#........#
#.......K##.#........#
#........##.#........#
#........##.#........#
#........##.#........#
#........##.'........#
#........####........#
##
###.###....###....####


You could see a troll, a kobold brigand and a gnoll sergeant.

Vanquished Creatures
  2 two-headed ogres
  Pikel (D:4)
  A freezing wraith (D:8)
  A kobold demonologist (D:9)
  2 trolls (D:10)
  Grinder (D:6)
  2 wyverns
  Grum (D:8)
  Menkaure (D:6)
  3 water moccasins
  A sky beast (D:7)
  5 orc warriors
  A black bear (D:5)
  4 ice beasts
  3 centaurs
  2 ogres
  3 wolves (D:8)
  2 kobold brigands
  3 gnoll sergeants
  3 bullfrogs
  2 scorpions (D:5)
  12 killer bees
  10 howler monkeys
  3 centaur zombies
  An orc priest (D:4)
  A jelly (D:3)
  2 centaur skeletons
  2 hounds
  2 gnoll shamans
  4 iguanas
  7 orc wizards
  A scorpion zombie (D:5)
  2 killer bee zombies
  26 gnolls
  11 adders
  A shadow imp (D:6)
  5 white imps
  2 adder skeletons (D:4)
  3 worms
  A dart slug (D:3)
  22 orcs
  5 endoplasms
  5 giant cockroaches
  7 goblins
  5 hobgoblins
  3 jackals (D:4)
  9 kobolds
  7 quokkas
  8 ball pythons
  5 bats
  3 frilled lizards
  5 rats
224 creatures vanquished.

Vanquished Creatures (others)
  2 plants (D:3)
2 creatures vanquished.

Grand Total: 226 creatures vanquished

Notes
Turn   | Place    | Note
-------+----------+-------------------------------------------
     0 | D:1      | fragbeetle the Troll Berserker began the quest for the Orb.
     0 | D:1      | Reached XP level 1. HP: 22/22 MP: 0/0
   235 | D:1      | Reached skill level 3 in Maces & Flails
   248 | D:1      | Reached XP level 2. HP: 29/29 MP: 1/1
   821 | D:2      | Reached XP level 3. HP: 36/36 MP: 2/2
   861 | D:2      | Identified the +9 falchion "Orb Guardian's Curse" {venom,
                  | rC+}
  1350 | D:3      | Identified the -5 helmet of the Sun {Will+ Str-4 Dex+4}
  1616 | D:3      | Reached XP level 4. HP: 44/44 MP: 3/3
  1726 | D:3      | Reached skill level 1 in Throwing
  1804 | D:3      | Reached ** piety under Trog
  1932 | D:3      | Reached skill level 4 in Maces & Flails
  1932 | D:3      | Reached XP level 5. HP: 53/53 MP: 4/4
  2078 | D:3      | Found a shimmering blue altar of Sif Muna.
  2292 | D:4      | You fall into a shaft and drop 2 floors!
  2373 | D:6      | Noticed Hubris850's ghost (novice MiHu)
  2376 | D:6      | Found a runed translucent door.
  2393 | D:6      | Noticed Grinder
  2406 | D:6      | Killed Grinder
  2407 | D:6      | Reached XP level 6. HP: 52/61 MP: 5/5
  2447 | D:6      | Noticed a water moccasin
  2452 | D:6      | Killed a water moccasin
  2453 | D:6      | Reached skill level 5 in Maces & Flails
  2491 | D:6      | Reached XP level 7. HP: 65/68 MP: 6/6
  2546 | D:5      | Entered Level 5 of the Dungeon
  2753 | D:4      | Noticed Pikel
  2780 | D:4      | Killed Pikel
  2781 | D:4      | Reached skill level 6 in Maces & Flails
  2781 | D:4      | Reached XP level 8. HP: 79/79 MP: 7/7
  3303 | D:5      | Reached *** piety under Trog
  3395 | D:5      | Reached skill level 7 in Maces & Flails
  3508 | D:5      | Identified the +7 whip of Keuwifos {vorpal, rN++}
  3731 | D:5      | Reached skill level 5 in Fighting
  3731 | D:5      | Reached skill level 5 in Dodging
  3763 | D:5      | Reached XP level 9. HP: 88/88 MP: 8/8
  4170 | D:6      | Noticed Menkaure
  4176 | D:6      | Killed Menkaure
  4640 | D:7      | Reached skill level 8 in Maces & Flails
  4685 | D:7      | Reached skill level 5 in Throwing
  5008 | D:7      | Found a staircase to the Ecumenical Temple.
  5017 | Temple   | Entered the Ecumenical Temple
  5165 | D:7      | Found a white marble altar of Elyvilon.
  5166 | D:7      | Found a glowing golden altar of the Shining One.
  5167 | D:7      | Found a glowing silver altar of Zin.
  5372 | D:8      | Reached **** piety under Trog
  5438 | D:8      | Noticed Grum
  5465 | D:8      | Killed Grum
  5849 | D:8      | Reached XP level 10. HP: 84/98 MP: 9/9
  5984 | D:8      | Identified the ring of the Cockatrice {rPois rF+ rN+ Str+2
                  | Dex+3}
  6195 | D:9      | Reached skill level 9 in Maces & Flails
  6308 | D:9      | Reached skill level 1 in Evocations
  6349 | D:9      | Found a radiant altar of Vehumet.
  6381 | D:9      | Found Umemn's Armour Boutique.
  6523 | D:9      | Noticed a two-headed ogre
  6536 | D:9      | Killed a two-headed ogre
  6990 | D:9      | Found a bloodstained altar of Trog.
  6990 | D:9      | Found an iron altar of Okawaru.
  7060 | D:10     | Entered Level 10 of the Dungeon
  7127 | D:10     | Reached skill level 10 in Maces & Flails
  7248 | D:10     | Found a sacrificial altar of Ru.
  7311 | D:10     | Noticed a two-headed ogre
  7318 | D:10     | Killed a two-headed ogre
  7319 | D:10     | Reached XP level 11. HP: 76/107 MP: 10/10
  7374 | D:10     | Found a staircase to the Orcish Mines.
  7410 | D:10     | Slain by a troll

Illustrated notes

Levels and vault maps discovered:
D:1:      giann_bridges, layout_loops_ring
D:2:      layout_basic
D:3:      wad_lake_hut, layout_rooms, lemuel_blue_sif_altar, serial_forest,
          infiniplex_forest_corner_1, infiniplex_forest_straight_4,
          infiniplex_forest_straight_4, infiniplex_forest_lined_2,
          infiniplex_forest_straight_4, infiniplex_forest_lined_room_2,
          infiniplex_forest_lined_room_3, grunt_ministairs_13
D:4:      layout_basic, minivault_14, uniq_pikel
D:5:      layout_loops_corners, minmay_misc_feat_five
D:6:      layout_basic, hellmonk_ghost_happy_afterlife, uniq_menkaure,
          uniq_grinder
D:7:      layout_loops_ring, good_gods_temple_1,
          minmay_temple_entry_statues_pillars
D:8:      layout_cave_pods, uniq_grum
D:9:      layout_gridville, mainiacjoe_overflow_surrounded_room,
          grunt_temple_overflow_bloody_war, serial_shops, shop,
          hangedman_decor_points, st_stairs_3, minmay_checkerbox
D:10:     layout_roguey, nicolae_ru_great_annihilating_truth,
          kennysheep_orc_monster_closet_entryway
Temple:   nicolae_temple_great_sept

Skill      XL: |  1  2  3  4  5  6  7  8  9 10 |
---------------+-------------------------------+-----
Maces & Flails | 3 4 5 6 7 8 10 | 10.2
Fighting       | 3 4 5 6 |  6.7
Throwing       | 1 2 3 4 5 6 |  6.6
Dodging        | 3 4 5 6 |  6.7
Evocations     | 2 |  2.6

Action                   |  1- 3 |  4- 6 |  7- 9 | 10-12 || total
-------------------------+-------+-------+-------+-------++-------
Melee: Mace              |    65 |       |       |       ||    65
       Punch             |     1 |       |       |       ||     1
       Falchion          |    34 |    53 |    87 |       ||   174
       Whip              |       |       |   175 |   215 ||   390
Throw: Stone             |       |     1 |       |       ||     1
       Dart              |       |       |       |     3 ||     3
Invok: Berserk           |     1 |     1 |     3 |     4 ||     9
       Trog's Hand       |       |       |       |     3 ||     3
Evoke: Wand              |       |       |       |     1 ||     1
       Piece from Xom's  |       |       |       |     1 ||     1
  Use: Scroll            |       |       |       |     9 ||     9
 Stab: Sleeping          |     1 |     1 |       |       ||     2
Armor: Animal skin       |    29 |    14 |    43 |     9 ||    95
       Troll leather arm |       |       |       |     7 ||     7
Dodge: Dodged            |    66 |    37 |   151 |   183 ||   437

Table legend: (Time is in decaauts)
 A = Elapsed time spent in this place.
 B = Non-inter-level travel time spent in this place.
 C = Inter-level travel time spent in this place.
 D = Time resting spent in this place.
 E = Time spent auto-exploring this place.
 F = Levels seen in this place.
 G = Mean time per level.
                   A        B        C        D        E       F      G
               +--------+--------+--------+--------+--------+-----+--------+
         Total |   7505 |   7314 |    191 |    476 |   4642 |  11 |  682.3 |
       Dungeon |   7498 |   7307 |    191 |    476 |   4642 |  10 |  749.8 |
        Temple |      6 |      6 |      0 |      0 |      0 |   1 |    6.0 |
               +--------+--------+--------+--------+--------+-----+--------+

Top non-repeatable levels by time:
     D:3: 994 daAuts
     D:6: 945 daAuts
     D:8: 915 daAuts
     D:5: 901 daAuts
     D:9: 776 daAuts
     D:2: 775 daAuts
     D:7: 686 daAuts
     D:1: 596 daAuts
     D:4: 566 daAuts
    D:10: 339 daAuts
  Temple: 6 daAuts
